 Dungeon Crawl Stone Soup version 0.31.0-12-g77e489cdc1 (webtiles) character file.

Game seed: 13285090145267297790

2343 haggar2011 the Carver (level 9, 0/79 HPs)
             Began as a Minotaur Berserker on Feb 28, 2024.
             Was an Elder of Trog.
             Slain by a steam dragon (2 damage)
             ... on level 6 of the Dungeon.
             The game lasted 00:19:06 (3248 turns).

haggar2011 the Carver (Minotaur Berserker)          Turns: 3248, Time: 00:19:07

Health: 0/79       AC: 16    Str: 22    XL:     9   Next: 20%
Magic:  8/8        EV: 13    Int:  4    God:    Trog [****..]
Gold:   175        SH:  0    Dex: 14    Spells: 8/8 levels left

rFire   . . .        f - +3 scimitar (protect)
rCold   . . .        (no shield)
rNeg    . . .        g - +3 ring mail {rPois}
rPois   +            (helmet restricted)
rElec   .            (no cloak)
rCorr   .            (no gloves)
SInv    .            (no boots)
Will    .....        (no amulet)
Stlth   +            (no ring)
HPRegen 0.33/turn    (no ring)
MPRegen 0.11/turn

%: no passive effects
@: under a protective aura
A: horns 2, retaliatory headbutt
a: Renounce Religion, Berserk, Trog's Hand, Brothers in Arms


You were on level 6 of the Dungeon.
You worshipped Trog.
Trog was greatly pleased with you.
You visited 1 branch of the dungeon, and saw 6 of its levels.

You collected 175 gold pieces.

Inventory:

Hand Weapons
 a - a +0 falchion
 f - a +3 scimitar of protection (weapon)
 h - a +1 dagger of venom
Armour
 b - a +0 animal skin
 g - a +3 ring mail of poison resistance (worn)
Magical Staves
 e - a staff of fire
Jewellery
 l - a +4 ring of protection
Wands
 k - a wand of charming (14)
Scrolls
 c - a scroll of identify (quivered)
 d - 2 scrolls of vulnerability
 i - 2 scrolls of revelation
 j - a scroll of fog
 o - 3 scrolls of teleportation
Potions
 m - 2 potions of heal wounds {unknown}
 n - a potion of brilliance {unknown}
 p - a potion of lignification {unknown}
 q - a potion of attraction {unknown}


   Skills:
 + Level 7.5 Fighting
 + Level 0.3(5.9) Short Blades
 + Level 10.4(10.5) Long Blades
 + Level 6.2 Armour
 + Level 6.0 Dodging
 + Level 1.5 Stealth


You had 8 spell levels left.
You didn't know any spells.
Your spell library contained the following spells:

 Spells                   Type           Power      Damage    Failure   Level
 Dazzling Flash           Conj/Hex       0%         N/A       95%         3
 Mephitic Cloud           Conj/Alch/Air  0%         N/A       95%         3
 Curse of Agony           Necr           0%         N/A       100%        5
 Silence                  Hex/Air        0%         N/A       100%        5


Dungeon Overview and Level Annotations

Branches:
Dungeon (6/15)             Temple (0/1) D:4

Altars:
Qazlal

Shops:
D:2 ?   D:6 *


Innate Abilities, Weirdness & Mutations

You have a pair of horns on your head.
You reflexively headbutt those who attack you in melee.


Message History

You slash the ogre! Your headbutt misses the ogre.
The ogre is moderately wounded.
You feel less confused.
You barely miss the ogre.
The ogre is moderately wounded.
The ogre hits you with a +0 giant club.
You slash the ogre! Your headbutt misses the ogre.
The ogre is heavily wounded.
You hit the ogre.
The ogre is severely wounded.
The ogre hits you with a +0 giant club!
* * * LOW HITPOINT WARNING * * *
You slash the ogre!
You kill the ogre!
Trog accepts your kill.
Things that are here:
a +0 short sword; a +0 chain mail; an orc corpse
Things that are here:
a +0 dagger; a +0 robe A steam dragon comes into view.
There is an entrance to Icudukh's Assorted Antiques here.
The steam dragon breathes steam at you. The ball of steam hits you!
* * * LOW HITPOINT WARNING * * *
You hear an angry hiss.
You slash the steam dragon!
Your weapon exudes an aura of protection.
Your headbutt misses the steam dragon.
The steam dragon is heavily wounded.
You are engulfed in a cloud of scalding steam.
* * * LOW HITPOINT WARNING * * *
The steam dragon closely misses you.
The steam dragon claws you but does no damage.
You barely miss the steam dragon. Your headbutt misses the steam dragon.
The steam dragon is heavily wounded.
You are engulfed in a cloud of scalding steam.
The steam dragon bites you.
* * * LOW HITPOINT WARNING * * *
The steam dragon claws you.
You die...

##<)## ##..#
#..## ##..#
##..#####♣♣♣♣
#...§§§.....
#.#.∩.#..♣♣
#...§§§.#..
#....#@.#...#
#.....D#...##
#.........##
##..........
##..........
#...........
#...........
...........


You could see a steam dragon (catching breath).

Vanquished Creatures
  Pikel (D:6)
  The ghost of jimonade the Covert, an amateur GnBr of Ru (D:3)
  Prince Ribbit (D:5)
  Eustachio (D:5)
  An ice beast (D:5)
  2 sky beasts
  A black bear (D:5)
  2 ogres
  2 lemures (D:6)
  A phantom (D:5)
  A scorpion (D:4)
  2 howler monkeys
  A hound (D:4)
  A bombardier beetle (D:4)
  2 sleepcaps
  Ijyb (D:3)
  A gnoll bouda (D:5)
  2 iguanas (D:5)
  4 orc wizards
  8 adders
  10 gnolls
  2 ufetubi (D:6)
  3 dart slugs
  A ribbon worm (D:4)
  13 orcs
  7 bats
  9 endoplasms
  5 giant cockroaches
  2 hobgoblins (D:4)
  A jackal (D:4)
  8 kobolds
  3 quokkas
  7 ball pythons
  3 frilled lizards (D:3)
  7 goblins
  10 rats
127 creatures vanquished.

Notes
Turn   | Place    | Note
-------+----------+-------------------------------------------
     0 | D:1      | haggar2011 the Minotaur Berserker began the quest for the
                  | Orb.
     0 | D:1      | Reached XP level 1. HP: 19/19 MP: 0/0
    43 | D:1      | Reached XP level 2. HP: 27/27 MP: 1/1
    67 | D:1      | Reached skill level 4 in Long Blades
   381 | D:2      | Reached ** piety under Trog
   451 | D:2      | Reached XP level 3. HP: 7/33 MP: 2/2
   667 | D:2      | Found Vug Baug's Magic Scroll Emporium.
   748 | D:3      | Reached XP level 4. HP: 30/41 MP: 3/3
   789 | D:3      | Identified a scroll of acquirement
   789 | D:3      | Acquired a +3 scimitar of protection
   999 | D:3      | Found a runed translucent door.
  1003 | D:3      | Noticed jimonade's ghost (amateur GnBr)
  1027 | D:3      | Killed jimonade's ghost
  1028 | D:3      | Reached skill level 5 in Fighting
  1028 | D:3      | Reached skill level 5 in Long Blades
  1028 | D:3      | Reached XP level 5. HP: 40/48 MP: 4/4
  1028 | D:3      | Reached XP level 6. HP: 47/56 MP: 5/5
  1032 | D:3      | Found a runed translucent door.
  1037 | D:3      | Noticed Ijyb
  1086 | D:3      | Killed Ijyb
  1086 | D:3      | Reached *** piety under Trog
  1699 | D:4      | Reached skill level 6 in Long Blades
  1724 | D:4      | Found a stormy altar of Qazlal.
  1893 | D:4      | Found a staircase to the Ecumenical Temple.
  1893 | D:4      | Noticed a sky beast
  1912 | D:4      | Killed a sky beast
  1913 | D:4      | Reached XP level 7. HP: 38/62 MP: 6/6
  2006 | D:4      | Reached skill level 7 in Long Blades
  2340 | D:5      | Entered Level 5 of the Dungeon
  2446 | D:5      | Reached skill level 8 in Long Blades
  2446 | D:5      | Reached skill level 5 in Armour
  2446 | D:5      | Reached XP level 8. HP: 71/71 MP: 7/7
  2447 | D:5      | Noticed Eustachio
  2482 | D:5      | Reached skill level 5 in Dodging
  2482 | D:5      | Reached skill level 1 in Stealth
  2492 | D:5      | Killed Eustachio
  2492 | D:5      | Reached **** piety under Trog
  2918 | D:5      | Noticed Prince Ribbit
  2922 | D:5      | Killed Prince Ribbit
  2923 | D:5      | Reached skill level 9 in Long Blades
  3192 | D:6      | Found Icudukh's Assorted Antiques.
  3194 | D:6      | Noticed Pikel
  3225 | D:6      | Killed Pikel
  3226 | D:6      | Reached skill level 10 in Long Blades
  3226 | D:6      | Reached XP level 9. HP: 42/79 MP: 8/8
  3248 | D:6      | HP: 2/79 [steam dragon (2)]
  3248 | D:6      | Slain by a steam dragon

Illustrated notes

Levels and vault maps discovered:
D:1:      dpeg_arrival_pond, layout_rooms, shapermc_ecumenical_altar_petra,
          dk_noncrumbling_3
D:2:      layout_loops_ring, serial_shops, nicolae_diamond_shop,
          nicolae_shop_tiny_real_fake_doors
D:3:      layout_loops_ring, ebering_ghost_sewer_f, chequers_avenue, uniq_ijyb
D:4:      layout_loops_corners, minmay_temple_entry_statues_fountains,
          minmay_ruined_shrine
D:5:      layout_layer_cave, uniq_eustachio, uniq_prince_ribbit1
D:6:      layout_layer_cave, serial_shops, nicolae_shop_stone,
          nicolae_shop_overgrown_old_shop, nicolae_shop_peninsula, uniq_pikel

Skill      XL: |  1  2  3  4  5  6  7  8 |
---------------+-------------------------+-----
Long Blades    | 4 5 6 8 10 | 10.4
Fighting       | 4 5 6 7 |  7.5
Armour         | 3 4 5 6 |  6.2
Dodging        | 3 4 6 |  6.0
Stealth        | 1 |  1.5
Short Blades   | |  0.3

Action                     |  1- 3 |  4- 6 |  7- 9 || total
---------------------------+-------+-------+-------++-------
  Melee: Falchion          |    50 |       |       ||    50
         Headbutt          |     9 |    21 |    22 ||    52
         Staff             |     1 |       |       ||     1
         Dagger            |    19 |     7 |       ||    26
         Scimitar          |       |   112 |   148 ||   260
         Punch             |       |     1 |     1 ||     2
    Use: Scroll            |     3 |     6 |       ||     9
         Potion            |     1 |       |       ||     1
 Armour: Animal skin       |    27 |       |       ||    27
         Ring mail         |    24 |    90 |   158 ||   272
  Dodge: Dodged            |    43 |    88 |   146 ||   277
